MLB
KANSAS CITY ROYALS @ TORONTO BLUE JAYS
04/10/2020
 
TOP OF THE 1ST
Kansas City Royals batting - Pitching for Toronto Blue Jays : RHP Kendall Graveman
Pitching: RHP Kendall Graveman
Batting: LHB Jesse Winker 0-0: Ball
1-0: Called Strike
1-1: Foul Ball, location: 2F
1-2: Ground out 3-1 (Groundball, 34, EV 85.6 MPH)
Batting: SHB Jurickson Profar 0-0: Ground out 6-3 (Groundball, 6S, EV 79.4 MPH)
Batting: RHB Nolan Arenado 0-0: Called Strike
0-1: Ball
1-1: Foul Ball, location: 2F
1-2: Ball
2-2: Fly out, F8 (Flyball, 8RD, EV 96.3 MPH)
Top of the 1st over - 0 runs, 0 hits, 0 errors, 0 left on base; Kansas City 0 - Toronto 0
BOTTOM OF THE 1ST
Toronto Blue Jays batting - Pitching for Kansas City Royals : RHP Zac Gallen
Pitching: RHP Zac Gallen
Batting: RHB Danny Mendick 0-0: Ball
1-0: SINGLE (Groundball, 6D, EV 110.0 MPH)
Batting: LHB Dee Gordon 0-0: Ground out 6-3 (Groundball, 6, EV 78.1 MPH)
Danny Mendick to second
Batting: RHB Kris Bryant 0-0: Ball
1-0: Foul Ball, location: 2F
1-1: Foul Ball, location: 2F
1-2: Fly out, F7 (Flyball, 7LS, EV 86.9 MPH)
Batting: RHB Aledmys Diaz 0-0: 2-RUN HOME RUN (Flyball, 78XD, EV 102.5 MPH), Distance : 422 ft
Batting: RHB Enrique Hernandez 0-0: Ball
1-0: Ball
2-0: Foul Ball, location: 2F
2-1: Swinging Strike
2-2: Ball
3-2: Foul Ball, location: 2F
3-2: Strikes out swinging
Bottom of the 1st over - 2 runs, 2 hits, 0 errors, 0 left on base; Kansas City 0 - Toronto 2
TOP OF THE 2ND
Kansas City Royals batting - Pitching for Toronto Blue Jays : RHP Kendall Graveman
Batting: LHB Anthony Rizzo 0-0: Ball
1-0: Foul Ball, location: 2F
1-1: Ball
2-1: Ball
3-1: Foul Ball, location: 2F
3-2: Ground out 6-3 (Groundball, 4MS, EV 79.4 MPH)
Batting: LHB Trent Grisham 0-0: Swinging Strike
0-1: Ground out 4-3 (Groundball, 4, EV 86.3 MPH)
Batting: RHB Dansby Swanson 0-0: SINGLE (Groundball, 25, EV 65.6 MPH) (infield hit)
Batting: LHB Nicky Lopez 0-0: Ball
1-0: Swinging Strike
1-1: Ground out U3 (Groundball, 3, EV 107.5 MPH)
Top of the 2nd over - 0 runs, 1 hit, 0 errors, 1 left on base; Kansas City 0 - Toronto 2
BOTTOM OF THE 2ND
Toronto Blue Jays batting - Pitching for Kansas City Royals : RHP Zac Gallen
Batting: LHB Donovan Walton 0-0: Swinging Strike
0-1: Ground out 6-3 (Groundball, 6M, EV 101.3 MPH)
Batting: RHB Yusniel Diaz 0-0: Called Strike
0-1: Ball
1-1: SINGLE (Flyball, 6D, EV 94.4 MPH)
Batting: RHB Spencer Kieboom 0-0: Ball
1-0: Ball
2-0: Called Strike
2-1: Foul Ball, location: 2F
2-2: Ball
3-2: Ground out 5-3 (Groundball, 56S, EV 68.1 MPH)
Yusniel Diaz to second
Batting: RHB Keon Broxton 0-0: Swinging Strike
0-1: Swinging Strike
0-2: Strikes out swinging
Bottom of the 2nd over - 0 runs, 1 hit, 0 errors, 1 left on base; Kansas City 0 - Toronto 2
TOP OF THE 3RD
Kansas City Royals batting - Pitching for Toronto Blue Jays : RHP Kendall Graveman
Batting: RHB Aristides Aquino 0-0: Called Strike
0-1: Ball
1-1: Ground out 6-3 (Groundball, 56, EV 100.6 MPH)
Batting: RHB Sean Murphy 0-0: Called Strike
0-1: Fly out, F6 (Popup, 15, EV 75.0 MPH)
Batting: LHB Jesse Winker 0-0: Swinging Strike
0-1: Ball
1-1: Foul Ball, location: 2F
1-2: Strikes out swinging
Top of the 3rd over - 0 runs, 0 hits, 0 errors, 0 left on base; Kansas City 0 - Toronto 2
BOTTOM OF THE 3RD
Toronto Blue Jays batting - Pitching for Kansas City Royals : RHP Zac Gallen
Batting: RHB Danny Mendick 0-0: Foul Ball, location: 2F
0-1: Called Strike
0-2: Ball
1-2: Strikes out swinging, 2-3 out at first.
Batting: LHB Dee Gordon 0-0: Foul Ball, location: 2F
0-1: Called Strike
0-2: Ball
1-2: Strikes out swinging
Batting: RHB Kris Bryant 0-0: Swinging Strike
0-1: Called Strike
0-2: Foul Ball, location: 2F
0-2: SOLO HOME RUN (Line Drive, 89XD, EV 101.3 MPH), Distance : 432 ft
Batting: RHB Aledmys Diaz 0-0: Ball
1-0: Ball
2-0: Ground out 6-3 (Groundball, 6, EV 98.1 MPH)
Bottom of the 3rd over - 1 run, 1 hit, 0 errors, 0 left on base; Kansas City 0 - Toronto 3
TOP OF THE 4TH
Kansas City Royals batting - Pitching for Toronto Blue Jays : RHP Kendall Graveman
Batting: SHB Jurickson Profar 0-0: Ball
1-0: Called Strike
1-1: SINGLE (Groundball, 13, EV 78.8 MPH) (infield hit)
Batting: RHB Nolan Arenado 0-0: Swinging Strike
0-1: Foul Ball, location: 2F
0-2: Foul Ball, location: 2F
0-2: Strikes out swinging
Batting: LHB Anthony Rizzo 0-0: Called Strike
0-1: Ball
1-1: Ball
2-1: Foul Ball, location: 2F
2-2: Grounds into double play, 4-6-3 (Groundball, 4, EV 85.0 MPH)
Top of the 4th over - 0 runs, 1 hit, 0 errors, 0 left on base; Kansas City 0 - Toronto 3
BOTTOM OF THE 4TH
Toronto Blue Jays batting - Pitching for Kansas City Royals : RHP Zac Gallen
Batting: RHB Enrique Hernandez 0-0: Called Strike
0-1: Foul Ball, location: 2F
0-2: Strikes out swinging
Batting: LHB Donovan Walton 0-0: Called Strike
0-1: DOUBLE (Line Drive, 9LM, EV 101.3 MPH)
Batting: RHB Yusniel Diaz 0-0: Called Strike
0-1: Called Strike
0-2: Foul Ball, location: 2F
0-2: Foul Ball, location: 2F
0-2: Foul Ball, location: 2F
0-2: Ball
1-2: Strikes out looking
Batting: RHB Spencer Kieboom 0-0: Ball
1-0: Ball
2-0: Ball
3-0: Base on Balls
Batting: RHB Keon Broxton 0-0: Called Strike
0-1: Ball
1-1: Ball
2-1: Called Strike
2-2: Ball
3-2: 3-RUN HOME RUN (Flyball, 78XD, EV 93.8 MPH), Distance : 423 ft
Pitching: LHP Austin Gomber
Batting: RHB Danny Mendick 0-0: Called Strike
0-1: Ball
1-1: Swinging Strike
1-2: DOUBLE (Line Drive, 7LM, EV 113.8 MPH)
Batting: LHB Dee Gordon 0-0: Called Strike
0-1: Ball
1-1: Swinging Strike
1-2: Foul Ball, location: 2F
1-2: TRIPLE (Line Drive, 89XD, EV 106.9 MPH)
Danny Mendick scores
Batting: RHB Kris Bryant 0-0: Ball
1-0: Ball
2-0: Ball
3-0: Base on Balls
Batting: RHB Aledmys Diaz 0-0: Called Strike
0-1: Fly out, F7 (Flyball, 7D, EV 85.6 MPH)
Bottom of the 4th over - 4 runs, 4 hits, 0 errors, 2 left on base; Kansas City 0 - Toronto 7
TOP OF THE 5TH
Kansas City Royals batting - Pitching for Toronto Blue Jays : RHP Kendall Graveman
Batting: LHB Trent Grisham 0-0: Ball
1-0: Ball
2-0: Ball
3-0: Base on Balls
Batting: RHB Dansby Swanson 0-0: Fly out, F9 (Flyball, 9S, EV 91.9 MPH)
Batting: LHB Nicky Lopez 0-0: Swinging Strike
0-1: Fly out, F6 (Flyball, 56D, EV 91.3 MPH)
Batting: RHB Aristides Aquino 0-0: Ground out 4-3 (Groundball, 4, EV 85.0 MPH)
Top of the 5th over - 0 runs, 0 hits, 0 errors, 1 left on base; Kansas City 0 - Toronto 7
BOTTOM OF THE 5TH
Toronto Blue Jays batting - Pitching for Kansas City Royals : LHP Austin Gomber
Batting: RHB Enrique Hernandez 0-0: Ball
1-0: Ball
2-0: Ball
3-0: Called Strike
3-1: Foul Ball, location: 2F
3-2: Base on Balls
Batting: LHB Donovan Walton 0-0: Ball
1-0: Fly out, F9 (Flyball, 89M, EV 92.5 MPH)
Batting: RHB Yusniel Diaz 0-0: Swinging Strike
0-1: Swinging Strike
0-2: Strikes out swinging
Batting: RHB Spencer Kieboom 0-0: Ball
1-0: Foul Ball, location: 2F
1-1: Fly out, F7 (Line Drive, 7, EV 104.4 MPH)
Bottom of the 5th over - 0 runs, 0 hits, 0 errors, 1 left on base; Kansas City 0 - Toronto 7
TOP OF THE 6TH
Kansas City Royals batting - Pitching for Toronto Blue Jays : RHP Kendall Graveman
Batting: RHB Sean Murphy 0-0: Ball
1-0: Foul Ball, location: 2F
1-1: Foul Ball, location: 2F
1-2: Ball
2-2: Ball
3-2: Ground out 5-3 (Groundball, 56, EV 88.8 MPH)
Batting: LHB Jesse Winker 0-0: Ball
1-0: Swinging Strike
1-1: Fly out, F9 (Flyball, 9LS, EV 88.1 MPH)
Batting: SHB Jurickson Profar 0-0: Ball
1-0: DOUBLE (Groundball, 3L, EV 103.8 MPH)
Batting: RHB Nolan Arenado 0-0: Called Strike
0-1: Ground out 5-3 (Groundball, 5, EV 108.1 MPH)
Top of the 6th over - 0 runs, 1 hit, 0 errors, 1 left on base; Kansas City 0 - Toronto 7
BOTTOM OF THE 6TH
Toronto Blue Jays batting - Pitching for Kansas City Royals : LHP Austin Gomber
Batting: RHB Keon Broxton 0-0: SINGLE (Groundball, 4M, EV 99.4 MPH) (infield hit)
Batting: RHB Danny Mendick 0-0: Foul Ball, location: 2F
0-1: Ball
Keon Broxton is caught stealing 2nd base 2-4
1-1: Ball
2-1: SINGLE (Groundball, 56D, EV 106.3 MPH)
Batting: LHB Dee Gordon 0-0: Ball
1-0: Called Strike
Danny Mendick steals 2nd base
1-1: TRIPLE (Flyball, 78XD, EV 106.3 MPH)
Danny Mendick scores
Batting: RHB Kris Bryant 0-0: Swinging Strike
0-1: Ball
1-1: Foul Ball, location: 2F
1-2: Strikes out looking
Batting: RHB Aledmys Diaz 0-0: 2-RUN HOME RUN (Flyball, 7LD, EV 93.8 MPH), Distance : 345 ft
Batting: RHB Enrique Hernandez 0-0: Ball
1-0: Ball
2-0: DOUBLE (Flyball, 8RXD, EV 113.1 MPH)
Batting: LHB Donovan Walton 0-0: Ball
1-0: Ball
2-0: Ball
3-0: Called Strike
3-1: Called Strike
3-2: Foul Ball, location: 2F
3-2: Base on Balls
Pitching: RHP Cristian Javier
Batting: RHB Yusniel Diaz 0-0: Ball
1-0: Ball
2-0: Called Strike
2-1: Ball
3-1: Base on Balls
Enrique Hernandez to third
Donovan Walton to second
Batting: RHB Spencer Kieboom 0-0: Ball
1-0: Ball
2-0: Ball
3-0: Called Strike
3-1: Swinging Strike
3-2: Base on Balls
Enrique Hernandez scores
Donovan Walton to third
Yusniel Diaz to second
Batting: RHB Keon Broxton 0-0: Swinging Strike
0-1: Ball
1-1: Ball
2-1: Called Strike
2-2: Ball
3-2: Base on Balls
Donovan Walton scores
Yusniel Diaz to third
Spencer Kieboom to second
Batting: RHB Danny Mendick 0-0: Ball
1-0: Called Strike
1-1: Swinging Strike
1-2: Foul Ball, location: 2F
1-2: Strikes out swinging
Bottom of the 6th over - 5 runs, 5 hits, 0 errors, 3 left on base; Kansas City 0 - Toronto 12
TOP OF THE 7TH
Kansas City Royals batting - Pitching for Toronto Blue Jays : RHP Kendall Graveman
Batting: LHB Anthony Rizzo 0-0: Ball
1-0: Swinging Strike
1-1: Ball
2-1: Foul Ball, location: 2F
2-2: Fly out, F9 (Flyball, 9D, EV 97.5 MPH)
Batting: LHB Trent Grisham 0-0: Swinging Strike
0-1: Ball
1-1: Ground out 1-3 (Groundball, 13S, EV 68.8 MPH)
Batting: RHB Dansby Swanson 0-0: Ball
1-0: Ground out 6-3 (Groundball, 6S, EV 69.4 MPH)
Top of the 7th over - 0 runs, 0 hits, 0 errors, 0 left on base; Kansas City 0 - Toronto 12
BOTTOM OF THE 7TH
Toronto Blue Jays batting - Pitching for Kansas City Royals : RHP Cristian Javier
Batting: LHB Dee Gordon 0-0: Swinging Strike
0-1: Ball
1-1: Ball
2-1: Foul Ball, location: 2F
2-2: Ball
3-2: Foul Ball, location: 2F
3-2: Strikes out swinging
Batting: RHB Kris Bryant 0-0: Called Strike
0-1: Called Strike
0-2: Strikes out swinging
Batting: RHB Aledmys Diaz 0-0: Ball
1-0: Called Strike
1-1: Ball
2-1: Ball
3-1: Base on Balls
Pitching: LHP JoJo Romero
Batting: RHB Enrique Hernandez 0-0: Ball
1-0: Ball
2-0: Foul Ball, location: 2F
2-1: Called Strike
2-2: Foul Ball, location: 2F
2-2: Foul Ball, location: 2F
2-2: Ball
3-2: Foul Ball, location: 2F
3-2: Foul Ball, location: 2F
3-2: Ground out 4-3 (Groundball, 4S, EV 70.6 MPH)
Bottom of the 7th over - 0 runs, 0 hits, 0 errors, 1 left on base; Kansas City 0 - Toronto 12
TOP OF THE 8TH
Kansas City Royals batting - Pitching for Toronto Blue Jays : RHP Kendall Graveman
Batting: LHB Nicky Lopez 0-0: Ground out 4-3 (Groundball, 4M, EV 86.9 MPH)
Batting: RHB Aristides Aquino 0-0: Called Strike
0-1: Ground out 6-3 (Groundball, 6, EV 82.5 MPH)
Batting: RHB Sean Murphy 0-0: Called Strike
0-1: Swinging Strike
0-2: Foul Ball, location: 2F
0-2: Fly out, F9 (Line Drive, 9, EV 91.3 MPH)
Top of the 8th over - 0 runs, 0 hits, 0 errors, 0 left on base; Kansas City 0 - Toronto 12
BOTTOM OF THE 8TH
Toronto Blue Jays batting - Pitching for Kansas City Royals : LHP JoJo Romero
Batting: LHB Donovan Walton 0-0: Ball
1-0: Ball
2-0: Called Strike
2-1: Ball
3-1: DOUBLE (Line Drive, 9LM, EV 111.9 MPH)
Batting: RHB Yusniel Diaz 0-0: Ball
1-0: Foul Ball, location: 2F
1-1: Swinging Strike
1-2: Ball
2-2: Strikes out looking
Batting: RHB Spencer Kieboom 0-0: Ball
1-0: Ball
2-0: Swinging Strike
2-1: Foul Ball, location: 2F
2-2: Ball
3-2: Foul Ball, location: 2F
3-2: Foul Ball, location: 2F
3-2: Ground out 5-3 (Groundball, 5S, EV 83.8 MPH)
Batting: RHB Keon Broxton 0-0: Called Strike
0-1: Ball
1-1: Ball
2-1: Called Strike
2-2: Ball
3-2: Strikes out swinging
Bottom of the 8th over - 0 runs, 1 hit, 0 errors, 1 left on base; Kansas City 0 - Toronto 12
TOP OF THE 9TH
Kansas City Royals batting - Pitching for Toronto Blue Jays : RHP Kendall Graveman
Batting: LHB Jesse Winker 0-0: Foul Ball, location: 2F
0-1: Ball
1-1: Called Strike
1-2: Ball
2-2: SINGLE (Groundball, 6S, EV 70.0 MPH) (infield hit)
Batting: SHB Jurickson Profar 0-0: Fielders Choice at 2nd, 3-6 (Groundball, 34S, EV 79.4 MPH)
Batting: RHB Nolan Arenado 0-0: Called Strike
0-1: Called Strike
0-2: Ball
1-2: Ball
2-2: Ball
3-2: Base on Balls
Jurickson Profar to second
Batting: LHB Anthony Rizzo 0-0: Ball
1-0: Ball
2-0: Called Strike
2-1: Grounds into double play, 4-6-3 (Groundball, 4, EV 81.9 MPH)
Top of the 9th over - 0 runs, 1 hit, 0 errors, 1 left on base; Kansas City 0 - Toronto 12
Sunday, May 31st, 2020 - OOTP Baseball 21.3 Build 54